 Dungeon Crawl Stone Soup version 0.17-a0-764-gd40c196 (console) character file.

4582 sose the Grappler (level 10, -8/88 HPs)
             Began as a Ghoul Monk on Apr 23, 2015.
             Was an Elder of Cheibriados.
             Killed from afar by a gargoyle (21 damage)
             ... with a stone arrow
             ... on level 8 of the Dungeon.
             The game lasted 00:24:18 (5784 turns).

sose the Grappler (Ghoul Monk)                      Turns: 5784, Time: 00:24:18

Health: -8/88      AC:  8    Str: 25    XL:     10   Next: 41%
Magic:  4/9        EV: 18    Int: 20    God:    Cheibriados [****..]
Gold:   349        SH:  0    Dex: 20    Spells: 1 memorised, 6 levels left

rFire  + + .     SeeInvis .       - Unarmed
rCold  + + .     Clarity  .     F - +3 leather armour {rF+}
rNeg   + + +     SustAb   .     (no shield)
rPois  ∞         Gourm    .     z - +1 hat {Int+3}
rElec  .         Spirit   .     f - +0 cloak (curse)
rCorr  .         Warding  .     (no gloves)
rMut   .         Stasis   .     (no boots)
MR     .....                    (no amulet)
Stlth  ++........               I - ring of protection from cold (curse)
                                h - ring of protection from fire

@: rotting, very slow, not resistant to hostile enchantments, unstealthy
A: rotting body, claws 1, carnivore 3, cold resistance 1, negative energy
resistance 3, slow healing 1, torment resistance, unbreathing
a: Bend Time, Temporal Distortion, Slouch, Renounce Religion


You were on level 8 of the Dungeon.
You worshipped Cheibriados.
Cheibriados was greatly pleased with you.
You were not hungry.

You visited 2 branches of the dungeon, and saw 9 of its levels.

You collected 504 gold pieces.
You spent 155 gold pieces at shops.

Inventory:

Armour
 a - the +2 hat of the High Council {Archmagi, Wiz- Stlth-}
   (You found it on level 7 of the Dungeon)

   It makes you less stealthy.
 f - a cursed +0 cloak (worn)
 z - a +1 hat of intelligence (worn)
 F - a +3 leather armour of fire resistance (worn)
Magical staves
 C - an uncursed staff of summoning
Jewellery
 h - a ring of protection from fire (left claw)
 u - a +2 ring of dexterity
 I - a cursed ring of protection from cold (right claw)
Magical devices
 t - a wand of teleportation (5)
 y - a wand of cold (6)
 D - a wand of magic darts (1)
 J - a wand of confusion (19)
Scrolls
 c - 3 scrolls of magic mapping
 d - a scroll of identify
 g - 3 scrolls of fog {unknown}
 j - 7 scrolls of remove curse
 k - 3 scrolls of enchant weapon {unknown}
 m - 3 scrolls of blinking {unknown}
 n - 5 scrolls of enchant armour {unknown}
 p - a scroll of fear {unknown}
 v - 3 scrolls of amnesia
 x - 3 scrolls of recharging {unknown}
 G - 3 scrolls of teleportation {unknown}
 H - a scroll of acquirement {unknown}
 K - a scroll of noise {unknown}
Potions
 e - 2 potions of ambrosia
 i - 3 potions of curing
 l - 2 potions of haste
 o - a potion of agility
 r - a potion of brilliance
 s - a potion of restore abilities
 B - a potion of resistance
 E - 2 potions of magic
Books
 w - a book of Frost

   Spells                             Type                      Level
   a - Freeze                         Ice                          1
   b - Throw Frost                    Conjuration/Ice              2
   c - Ozocubu's Armour               Charms/Ice                   3
   d - Throw Icicle                   Conjuration/Ice              4
   e - Summon Ice Beast               Ice/Summoning                4
   f - Condensation Shield            Ice                          4
Comestibles
 b - 4 meat rations
 q - a slice of pizza
 A - 5 chunks of flesh
 L - a beef jerky


   Skills:
 + Level 8.0 Fighting
 + Level 3.8 Armour
 + Level 7.0 Dodging
 - Level 2.1 Stealth
 + Level 11.6 Unarmed Combat
 - Level 1.4 Charms
 - Level 1.5 Ice Magic


You had 6 spell levels left.
You knew the following spells:

 Your Spells              Type           Power        Failure   Level  Hunger
a - Ozocubu's Armour      Chrm/Ice       #.......     41%         3    ####...


Dungeon Overview and Level Annotations

Branches:
Dungeon (8/15)             Temple (1/1) D:6
   Lair: D:8-11

Altars:
Ashenzari
Cheibriados
Dithmenos
Elyvilon
Fedhas
Gozag
Kikubaaqudgha
Makhleb
Nemelex Xobeh
Okawaru
Qazlal
Ru
Sif Muna
Trog
Vehumet
Xom
Yredelemnul
Zin
The Shining One

Shops:
D:7 ?


Innate Abilities, Weirdness & Mutations

Your body is rotting away.
You thrive on raw meat.
You are immune to poison.
You have sharp fingernails.
You are carnivorous and can eat meat at any time.
Your flesh is cold resistant.
You are immune to negative energy.
You heal slowly when monsters are visible.
You are immune to unholy pain and torment.
You can survive without breathing.


Message History

The gargoyle closely misses you.
The gargoyle hits you with a morningstar!
You see here a dagger.
Things that are here:
a dagger; an uncursed shortbow of flaming; 20 arrows Use which ability? (? or * to list)
You fail to use your ability.
The wyvern closely misses you. The wyvern bites you!
* * * LOW HITPOINT WARNING * * *
Use which ability? (? or * to list)
You can feel time thicken for a moment.
You kill the wyvern!
Cheibriados appreciates the change of pace.
Your Fighting skill increases to level 8!
You destroy the battlesphere!
You feel somewhat more hungry.
Cheibriados reduces the support of your attributes as your movement quickens.
The gargoyle hurls a stone arrow at you.
The stone arrow hits you!
You die...

#......#
#.###..#
#.####.#
#(..<.## #.#
#.# ##.##.##
### #'#
#.##..### ####
##.##
#.###.).####
... #...# ###
###....# #
#.#####.####
####..
#.##.##.##(##[#
##.
#....e.9)@)...#
#.
#.##§##.##.##.#
#. #.#####.####
.. .*e #..(#
#.# ##.## #####
..# #.# ##..
... ..# #.# #
#.#


You could see a gargoyle and a deep elf mage.

Vanquished Creatures
  An ugly thing (D:8)
  The ghost of sose the Gusty, an experienced VSAE (D:4)
  Sigmund (D:4)
  A wyvern (D:8)
  A deep elf mage (D:8)
  A hippogriff (D:7)
  Menkaure (D:4)
  Duvessa (D:7)
  4 orc warriors
  2 ice beasts
  5 ogres
  3 centaurs
  A necrophage (D:6)
  A crocodile (D:7)
  Blork the orc (D:5)
  2 big kobolds
  3 giant frogs (D:7)
  Dowan (D:7)
  A water moccasin skeleton (D:5)
  A scorpion (D:4)
  6 crimson imps
  3 giant frog zombies
  2 jellies
  2 orc wizards
  3 worker ants
  Crazy Yiuf (D:3)
  2 iguanas
  5 orc priests
  5 centaur zombies
  3 giant frog skeletons
  A gnoll shaman (D:8)
  2 hounds
  Natasha (twice) (D:4)
  4 gnolls (D:8)
  8 adders
  3 worms
  8 giant geckos
  20 orcs
  A ball python (D:7)
  A bat skeleton (D:5)
  A bat zombie (D:7)
  3 giant cockroaches
  11 goblins
  11 hobgoblins
  3 quokkas
  14 bats
  4 giant newts
  11 kobolds
  A quokka skeleton (D:7)
  22 rats
196 creatures vanquished.

Notes
Turn   | Place    | Note
--------------------------------------------------------------
     0 | D:1      | sose, the Ghoul Monk, began the quest for the Orb.
     0 | D:1      | Reached XP level 1. HP: 19/19 MP: 0/0
   170 | D:1      | Reached XP level 2. HP: 23/26 MP: 1/1
   280 | D:1      | Reached skill level 5 in Unarmed Combat
   698 | D:2      | Reached XP level 3. HP: 25/31 MP: 2/2
  1104 | D:3      | Reached skill level 6 in Unarmed Combat
  1104 | D:3      | Reached XP level 4. HP: 38/38 MP: 3/3
  1222 | D:3      | Found a deep blue altar of Sif Muna.
  1678 | D:3      | Noticed Crazy Yiuf
  1691 | D:3      | Killed Crazy Yiuf
  1766 | D:4      | Noticed Menkaure
  1767 | D:4      | Noticed Natasha
  1787 | D:4      | Noticed an ogre
  1797 | D:4      | Killed an ogre
  1797 | D:4      | Reached skill level 7 in Unarmed Combat
  1797 | D:4      | Reached XP level 5. HP: 23/45 MP: 4/4
  1862 | D:4      | Reached XP level 6. HP: 15/51 MP: 5/5
  2068 | D:4      | Noticed sose's ghost (experienced VSAE)
  2090 | D:4      | Killed sose's ghost
  2090 | D:4      | Reached skill level 8 in Unarmed Combat
  2090 | D:4      | Reached XP level 7. HP: 49/58 MP: 6/6
  2219 | D:4      | Noticed Sigmund
  2243 | D:4      | Killed Sigmund
  2301 | D:4      | Reached skill level 9 in Unarmed Combat
  2415 | D:4      | Killed Natasha
  2430 | D:4      | Killed Menkaure
  2430 | D:4      | Reached XP level 8. HP: 21/67 MP: 7/7
  2595 | D:4      | Noticed Natasha
  2602 | D:4      | Killed Natasha
  2634 | D:5      | Entered Level 5 of the Dungeon
  2634 | D:5      | Noticed Blork the orc
  2646 | D:5      | Killed Blork the orc
  2806 | D:5      | Reached skill level 10 in Unarmed Combat
  2832 | D:5      | Reached skill level 5 in Fighting
  2888 | D:5      | Reached skill level 5 in Dodging
  2998 | D:5      | Learned a level 3 spell: Ozocubu's Armour
  3317 | D:5      | Found a radiant altar of Vehumet.
  3318 | D:5      | Found a burning altar of Makhleb.
  3554 | D:5      | Reached skill level 1 in Ice Magic
  3571 | D:5      | Reached skill level 1 in Charms
  3578 | D:5      | Found an ancient bone altar of Kikubaaqudgha.
  3802 | D:6      | Reached XP level 9. HP: 73/73 MP: 8/8
  3919 | D:6      | Found a shimmering altar of Xom.
  3971 | D:6      | Found a staircase to the Ecumenical Temple.
  4030 | Temple   | Entered the Ecumenical Temple
  4114 | Temple   | Became a worshipper of Cheibriados the Contemplative
  4114 | Temple   | Acquired Cheibriados's first power
  4213 | D:6      | Found a stormy altar of Qazlal.
  4575 | D:7      | Noticed Dowan
  4577 | D:7      | Noticed Duvessa
  4644 | D:7      | Killed Dowan
  4653 | D:7      | Killed Duvessa
  4813 | D:7      | Found Plog's Magic Scroll Emporium.
  4829 | D:7      | Reached skill level 1 in Armour
  4836 | D:7      | Bought a scroll of amnesia for 45 gold pieces
  4836 | D:7      | Bought a scroll of remove curse for 39 gold pieces
  4836 | D:7      | Bought a scroll of magic mapping for 45 gold pieces
  4836 | D:7      | Bought a scroll of identify for 26 gold pieces
  4881 | D:7      | Reached skill level 11 in Unarmed Combat
  4908 | D:7      | Acquired Cheibriados's second power
  5078 | D:7      | Found a white marble altar of Elyvilon.
  5078 | D:7      | Found a shadowy altar of Dithmenos.
  5515 | D:7      | Reached XP level 10. HP: 77/85 MP: 9/9
  5545 | D:8      | Acquired Cheibriados's third power
  5755 | D:8      | Noticed an octopode
  5755 | D:8      | an octopode changed into a trapdoor spider
  5757 | D:8      | Noticed a purple ugly thing
  5771 | D:8      | Killed a purple ugly thing
  5784 | D:8      | Killed from afar by a gargoyle

Action                   |  1- 3 |  4- 6 |  7- 9 | 10-12 || total
-------------------------+-------+-------+-------+-------++-------
Melee: Unarmed           |   113 |    72 |   382 |    88 ||   655
Invok: Slouch            |       |       |       |     1 ||     1
  Use: Scroll            |       |       |    10 |       ||    10
       Potion            |       |       |       |     1 ||     1
 Stab: Sleeping          |     3 |     2 |     6 |       ||    11
  Eat: Chunk             |    13 |     7 |    32 |     6 ||    58
